 Dungeon Crawl Stone Soup version 0.29-a0-659-g28b9d68 (webtiles) character file.

Game seed: 5791295113766623764

734 GeorgeSoros the Purveyor of Pain (level 7, 0/56 HPs)
             Began as a Demonspawn Necromancer on June 21, 2022.
             Was an Initiate of Kikubaaqudgha.
             Slain by an orc priest
             ... wielding a +0 dagger
              (2 damage)
             ... on level 5 of the Dungeon.
             The game lasted 00:23:04 (5943 turns).

GeorgeSoros the Purveyor of Pain (DsNe)             Turns: 5943, Time: 00:23:06

Health: 0/56       AC:  8    Str: 10    XL:     7   Next: 45%
Magic:  10/10      EV: 12    Int: 25    God:    Kikubaaqudgha [......]
Gold:   137        SH:  5    Dex: 18    Spells: 6/10 levels left

rFire   . . .      SeeInvis .   b - +2 hand axe of the Apocalypse {flame, Int+8 Dex+5 Stlth-}
rCold   . . .      Faith    .   u - +0 buckler
rNeg    . . .      Spirit   .   l - +0 leather armour
rPois   .          Reflect  .   (helmet restricted)
rElec   .          Harm     .   (no cloak)
rCorr   .          Rampage  .   (no gloves)
Will    .....                   (no boots)
Stlth   +.........              (no amulet)
HPRegen 0.18/turn               i - +4 ring of protection
MPRegen 0.12/turn               h - ring of wizardry

@: no status effects
A: horns 1, rugged brown scales 1, demonic magic 2
a: Renounce Religion


You were on level 5 of the Dungeon.
You worshipped Kikubaaqudgha.
Kikubaaqudgha was noncommittal.
You visited 2 branches of the dungeon, and saw 6 of its levels.

You collected 137 gold pieces.

Inventory:

Hand Weapons
 b - the +2 hand axe of the Apocalypse (weapon) {flame, Int+8 Dex+5 Stlth-}
   (You took it off an orc on level 4 of the Dungeon)

   It burns those it strikes, dealing additional fire damage.
   Big, fiery blades are also staple armaments of hydra-hunters.
   Int:       It affects your intelligence (+8).
   Dex:       It affects your dexterity (+5).
   Stlth:     It makes you less stealthy.
 f - a +4 spear
 j - a +0 dagger of venom
 r - the +5 hunting sling "Kogh" {freeze, Will++}
   (You found it on level 2 of the Dungeon)

   Any ammunition fired from it freezes those it strikes, dealing additional
   cold damage.
   It can also slow down cold-blooded creatures.
   Will:      It greatly increases your willpower.
Missiles
 c - 6 boomerangs (quivered)
 D - 10 stones
Armour
 a - a +1 robe
 l - a +0 leather armour (worn)
 s - a +0 helmet
 u - a +0 buckler (worn)
 z - an orb of mayhem
Magical Staves
 q - a staff of air
Jewellery
 h - a ring of wizardry (right hand)
 i - a +4 ring of protection (left hand)
Scrolls
 m - a scroll of immolation {unknown}
 o - 2 scrolls of enchant weapon
 t - a scroll of teleportation
 w - a scroll of magic mapping
 y - 2 scrolls of fog
 C - a scroll of blinking
 E - a scroll of amnesia {unknown}
 G - a scroll of fear {unknown}
 H - a scroll of torment {unknown}
Potions
 d - a potion of might
 e - 3 potions of curing
 g - 2 potions of haste
 k - a potion of berserk rage
 n - a potion of lignification
 p - a potion of flight
 v - 2 potions of brilliance
 x - a potion of degeneration {unknown}
 A - a potion of attraction {unknown}
 B - a potion of resistance {unknown}
 F - a potion of magic


   Skills:
 + Level 4.3 Fighting
 + Level 3.7 Armour
 - Level 2.2 Dodging
 - Level 1.7 Stealth
 - Level 4.0 Shields
 - Level 2.0 Spellcasting
 - Level 5.0 Necromancy


You had 6 spell levels left.
You knew the following spells:

 Your Spells              Type           Power      Damage    Failure   Level
a - Necrotize             Necr           100%       1d9       1%          1
b - Vampiric Draining     Necr           27%        2d7       3%          3

Your spell library contained the following spells:

 Spells                   Type           Power      Damage    Failure   Level
 Slow                     Hex            8%         N/A       8%          1
 Animate Dead             Necr           27%        N/A       10%         4
 Confusing Touch          Hex            2%         N/A       22%         3
 Agony                    Necr           27%        N/A       26%         5


Dungeon Overview and Level Annotations

Branches:
Dungeon (5/15)             Temple (1/1) D:4

Altars:
Ashenzari
Cheibriados
Dithmenos
Elyvilon
Gozag
Hepliaklqana
Kikubaaqudgha
Makhleb
Nemelex Xobeh
Okawaru
Qazlal
Sif Muna
Trog
Uskayaw
Wu Jian
Xom
Yredelemnul
Zin
The Shining One


Innate Abilities, Weirdness & Mutations

You have a pair of small horns on your head.
You are partially covered in rugged brown scales. (AC +1, +3% HP)
Spells you cast may paralyse nearby enemies.


Message History

The orc priest begins to cast a cantrip, but forgets the words!
You hit something. You burn something.
The orc priest calls down the wrath of Beogh upon you.
Beogh smites you!
The white imp lashes its tail.
Something hits you but does no damage.
You hit something. You burn something.
The orc priest calls down the wrath of Beogh upon you.
Beogh smites you!
* * * LOW HITPOINT WARNING * * *
You hear some strange, mumbled words.
Something tries to affect you, but you resist.
Something hits you but does no damage.
You miss something. Your headbutt misses something.
Something hits you but does no damage.
The orc priest looks encouraged for a moment.
You closely miss something. Something hits you but does no damage.
Unknown command.
You hit something. You burn something. Kikubaaqudgha accepts your kill.
Reactivating autopickup.
You feel a bit more experienced.
The white imp shouts, "Fly, thou cockered rump-fed flap-bat!"
The orc priest hits you but does no damage.
You hit the orc priest. You burn the orc priest. You headbutt the orc priest.
The orc priest is severely wounded.
The orc priest invokes the aid of Beogh against you.
You struggle to resist.
You closely miss the orc priest. Your headbutt misses the orc priest.
The orc priest is severely wounded.
The orc priest closely misses you.
You barely miss the orc priest. You headbutt the orc priest.
The orc priest is almost dead.
The orc priest completely misses you.
The orc priest invokes the aid of Beogh against you.
Beogh smites you!
* * * LOW HITPOINT WARNING * * *
The orc priest hits you with a +0 dagger.
You die...
Kikubaaqudgha rasps: "You have failed me!
Welcome... death!"

.........########
................
.........##..###
.........# .#
.........# #
.........#
........##
........#
......#@#
.....##o# .....
#o# ...# #5# ..#
#.. ## #.. #..
#...


You could see 2 orc priests and a white imp.

Vanquished Creatures
  Grinder (D:4)
  Menkaure (D:4)
  2 hounds (D:4)
  A jelly (D:4)
  A gnoll shaman (D:5)
  2 orc priests (D:4)
  4 orc wizards
  4 gnolls (D:5)
  An adder (D:2)
  3 worms
  A dart slug (D:4)
  11 orcs
  3 bats
  9 endoplasms
  2 giant cockroaches
  5 goblins
  9 hobgoblins
  A jackal (D:4)
  10 kobolds
  4 quokkas
  7 ball pythons
  4 frilled lizards
  7 rats
93 creatures vanquished.

Vanquished Creatures (collateral kills)
  An orc (D:4)
  An endoplasm (D:1)
  A jackal (D:4)
3 creatures vanquished.

Vanquished Creatures (others)
  2 orc wizards
  An orc (D:4)
3 creatures vanquished.

Grand Total: 99 creatures vanquished

Notes
Turn   | Place    | Note
-------+----------+-------------------------------------------
     0 | D:1      | GeorgeSoros the Demonspawn Necromancer began the quest for
                  | the Orb.
     0 | D:1      | Reached XP level 1. HP: 13/13 MP: 3/3
   568 | D:1      | Gained mutation: Spells you cast may paralyse adjacent
                  | enemies. [demonic ancestry]
   568 | D:1      | Reached XP level 2. HP: 16/20 MP: 1/5
   739 | D:1      | Reached skill level 1 in Fighting
  1478 | D:2      | Gained mutation: You are partially covered in rugged brown
                  | scales. (AC +1, +3% HP) [demonic ancestry]
  1478 | D:2      | Reached XP level 3. HP: 21/26 MP: 6/6
  1789 | D:2      | Found a faded altar of an unknown god.
  1901 | D:2      | Learned a level 3 spell: Vampiric Draining
  1930 | D:2      | Identified the +5 hunting sling "Kogh" {freeze, Will++}
  2005 | D:2      | Reached skill level 1 in Armour
  2088 | D:2      | Reached skill level 5 in Necromancy
  2448 | D:3      | Reached XP level 4. HP: 31/33 MP: 3/7
  2467 | D:3      | Reached skill level 1 in Shields
  2468 | D:3      | HP: 1/33 [orc/+0 flail (3)]
  2797 | D:3      | Found a shimmering blue altar of Sif Muna.
  3569 | D:4      | Found a staircase to the Ecumenical Temple.
  3573 | D:4      | Noticed Grinder
  3575 | Temple   | Entered the Ecumenical Temple
  3837 | D:4      | Paralysed by Grinder for 3 turns
  3843 | D:4      | Killed Grinder
  3844 | D:4      | Gained mutation: Spells you cast may paralyse nearby
                  | enemies. [demonic ancestry]
  3844 | D:4      | Reached XP level 5. HP: 23/39 MP: 8/8
  3844 | D:4      | Gained mutation: You have a pair of small horns on your
                  | head. [demonic ancestry]
  3844 | D:4      | Reached XP level 6. HP: 26/45 MP: 9/9
  4929 | D:4      | Identified the +2 hand axe of the Apocalypse {flame, Int+8
                  | Dex+5 Stlth-}
  5247 | D:4      | Noticed Menkaure
  5262 | D:4      | Killed Menkaure
  5263 | D:4      | Reached XP level 7. HP: 34/54 MP: 10/10
  5634 | Temple   | Became a worshipper of Kikubaaqudgha
  5716 | D:5      | Entered Level 5 of the Dungeon
  5943 | D:5      | HP: 2/56 [orc priest/divine providence (12)]
  5943 | D:5      | Slain by an orc priest

Illustrated notes

Levels and vault maps discovered:
D:1:      minmay_arrival_widening_spiral_wide, layout_loops_ring,
          nrook_loot_triangle
D:2:      layout_loops_cross, shapermc_ecumenical_altar_venn
D:3:      layout_basic, mainiacjoe_overflow_24_doors, marbit_many_paths
D:4:      layout_basic, minmay_temple_entry_tees, uniq_grinder, uniq_menkaure
D:5:      layout_basic, bh_walls_and_bars
Temple:   minmay_temple_bridge_d

Skill      XL: |  1  2  3  4  5  6  7 |
---------------+----------------------+-----
Dodging        | 2 |  2.2
Fighting       | 1 2 3 4 |  4.3
Armour         | 1 3 |  3.7
Necromancy     | 5 |  5.0
Shields        | 4 |  4.0
Stealth        | |  1.7
Spellcasting   | |  2.0

Action                   |  1- 3 |  4- 6 |  7- 9 || total
-------------------------+-------+-------+-------++-------
Melee: Unarmed           |    12 |       |       ||    12
       Spear             |    93 |   147 |       ||   240
       Punch             |     2 |       |       ||     2
       Headbutt          |       |     8 |     6 ||    14
       Hand axe          |       |     7 |    38 ||    45
Throw: Boomerang         |     6 |     4 |       ||    10
 Cast: Necrotize         |    18 |       |       ||    18
       Vampiric Draining |       |     2 |     1 ||     3
  Use: Scroll            |     7 |     5 |     1 ||    13
 Stab: Sleeping          |     7 |     5 |       ||    12
Armor: Robe              |    11 |       |       ||    11
       Leather armour    |    17 |    50 |    15 ||    82
Dodge: Dodged            |    33 |    73 |    19 ||   125
Block: Buckler           |       |     4 |     5 ||     9

Table legend: (Time is in decaauts)
 A = Elapsed time spent in this place.
 B = Non-inter-level travel time spent in this place.
 C = Inter-level travel time spent in this place.
 D = Time resting spent in this place.
 E = Time spent auto-exploring this place.
 F = Levels seen in this place.
 G = Mean time per level.
                   A        B        C        D        E       F      G
               +--------+--------+--------+--------+--------+-----+--------+
         Total |   5987 |   5594 |    393 |    786 |   3807 |   6 |  997.8 |
       Dungeon |   5578 |   5321 |    257 |    786 |   3614 |   5 | 1115.6 |
        Temple |    408 |    272 |    136 |      0 |    193 |   1 |  408.0 |
               +--------+--------+--------+--------+--------+-----+--------+

Top non-repeatable levels by time:
     D:3: 1570 daAuts
     D:4: 1373 daAuts
     D:1: 1369 daAuts
     D:2: 1029 daAuts
  Temple: 408 daAuts
     D:5: 236 daAuts
